 Dungeon Crawl Stone Soup version 0.25-a0-558-g78a2afb0af (webtiles) character file.

Game seed: 12309134485707662807, levelgen mode: deterministic

105 Flugslaktarn the Shield-Bearer (level 5, -5/42 HPs)
             Began as a Formicid Fighter on Feb 24, 2020.
             Was an Initiate of Makhleb.
             Slain by Menkaure (9 damage)
             ... on level 4 of the Dungeon.
             The game lasted 00:01:19 (1810 turns).

Flugslaktarn the Shield-Bearer (Formicid Fighter)   Turns: 1810, Time: 00:01:20

Health: -5/42      AC: 10    Str: 21    XL:     5   Next: 8%
Magic:  5/5        EV:  6    Int:  8    God:    Makhleb [......]
Gold:   62         SH:  9    Dex: 10    Spells: 4/4 levels left

rFire    . . .     SeeInvis +   a - +0 war axe
rCold    . . .     Gourm    .   c - +0 kite shield
rNeg     . . .     Faith    .   l - +0 chain mail
rPois    .         Spirit   .   (helmet unavailable)
rElec    .         Reflect  .   (no cloak)
rCorr    .         Harm     .   o - +0 pair of gloves
MR       .....                  (no boots)
Stlth    ..........             (no amulet)
HPRegen  0.14/turn              (no ring)
MPRegen  0.09/turn              (no ring)

@: no status effects
A: permanent stasis, dig shafts and tunnels, four strong arms, antennae 3
a: Dig, Shaft Self, Renounce Religion


You were on level 4 of the Dungeon.
You worshipped Makhleb.
Makhleb was noncommittal.
You were not hungry.

You visited 1 branch of the dungeon, and saw 4 of its levels.

You collected 62 gold pieces.

Inventory:

Hand Weapons
 a - a +0 war axe (weapon)
Armour
 c - a +0 kite shield (worn)
 l - a +0 chain mail (worn)
   (You found it on level 2 of the Dungeon)
 o - a +0 pair of gloves (worn)
   (You found it on level 3 of the Dungeon)
Scrolls
 f - a scroll of magic mapping {unknown}
 g - 2 scrolls of enchant armour {unknown}
 i - a scroll of amnesia {unknown}
 j - 2 scrolls of teleportation {unknown}
 m - a scroll of enchant weapon {unknown}
 n - a scroll of identify {unknown}
Potions
 d - a potion of might
 h - a potion of stabbing {unknown}
 k - 2 potions of lignification {unknown}
 q - a potion of curing
Comestibles
 b - a chunk of flesh
 e - 5 rations


   Skills:
 + Level 3.9 Fighting
 * Level 3.2 Axes
 + Level 3.8 Armour
 + Level 4.2 Shields
 + Level 1.2 Invocations


You had 4 spell levels left.
You didn't know any spells.
Your spell library was empty.

Dungeon Overview and Level Annotations

Branches:
Dungeon (4/15)
 Temple: D:4-7

Altars:
Makhleb

Annotations:
D:4 Menkaure


Innate Abilities, Weirdness & Mutations

You cannot be hasted, slowed, berserked, paralysed or teleported.
You can dig through walls and to a lower floor.
Your four strong arms can wield two-handed weapons with a shield.
You have a pair of large antennae on your head. (SInv)


Message History

Pain shoots through your body! You block Menkaure's attack.
You are too injured to fight recklessly!
You are too injured to fight recklessly!
You are too injured to fight recklessly!
You are too injured to fight recklessly!
You are too injured to fight recklessly!
You are too injured to fight recklessly!
You are too injured to fight recklessly!
You slash Menkaure!
Menkaure is heavily damaged.
Menkaure casts a spell.
Menkaure seems to speed up.
You slash Menkaure!
Menkaure is almost destroyed.
Menkaure hits you!
* * * LOW HITPOINT WARNING * * *
You hit Menkaure.
Menkaure is almost destroyed.
You block Menkaure's attack. Menkaure hits you!
You die...

...............#
..............#
.......<......#
..............#
..............#
##########'###+##
.................#
...<.......>...?.#
.......@.........#
......M......%...#
.................#
........######+###
........#
........#
........#
........#


You could see Menkaure.

Vanquished Creatures
  4 gnolls (D:2)
  2 adders (D:2)
  2 worms
  A dart slug (D:2)
  A leopard gecko (D:2)
  5 bats
  9 giant cockroaches
  3 goblins
  4 hobgoblins
  2 kobolds
  A ball python (D:2)
  3 frilled lizards (D:1)
  3 rats (D:2)
40 creatures vanquished.

Notes
Turn   | Place    | Note
-------+----------+-------------------------------------------
     0 | D:1      | Flugslaktarn the Formicid Fighter began the quest for the
                  | Orb.
     0 | D:1      | Reached XP level 1. HP: 18/18 MP: 1/1
   198 | D:1      | Reached XP level 2. HP: 24/24 MP: 2/2
   460 | D:2      | Found a burning altar of Makhleb.
   469 | D:2      | Reached XP level 3. HP: 27/29 MP: 3/3
   475 | D:2      | Became a worshipper of Makhleb the Destroyer
   527 | D:2      | Reached skill level 4 in Shields
   806 | D:1      | Reached XP level 4. HP: 36/37 MP: 4/4
  1110 | D:2      | Reached skill level 1 in Invocations
  1126 | D:2      | HP: 1/37 [gnoll/cursed +0 halberd (9)]
  1670 | D:2      | Reached XP level 5. HP: 42/42 MP: 5/5
  1800 | D:4      | Noticed Menkaure
  1810 | D:4      | Slain by Menkaure

Levels and vault maps discovered:
D:1:      giann_wishing_wells, layout_basic
D:2:      layout_basic, bloody_makhleb, minmay_worlds_worst_comb,
          uniq_crazy_yiuf_cottage
D:3:      layout_rooms
D:4:      layout_gridville, uniq_menkaure

Skill      XL: |  1  2  3  4 |
---------------+-------------+-----
Shields        | 4 |  4.2
Axes           | 3 |  3.2
Invocations    | 1 |  1.2
Fighting       | |  3.9
Armour         | |  3.8

Action                   |  1- 3 |  4- 6 || total
-------------------------+-------+-------++-------
Melee: War axe           |    97 |    65 ||   162
 Abil: Dig               |     1 |     2 ||     3
  Use: Potion            |       |     1 ||     1
  Eat: Chunk             |       |     3 ||     3
Armor: Scale mail        |    48 |    14 ||    62
       Chain mail        |       |    11 ||    11
Dodge: Dodged            |    40 |    27 ||    67
Block: Kite shield       |    60 |    40 ||   100

Table legend:
 A = Non-vault XP
 B = Vault XP
 C = Vault XP percentage of total XP
 D = Non-vault monster count
 E = Vault monster count
 F = Vault count percentage of total count
                 A         B        C        D         E       F
            +---------+---------+-------+---------+---------+-------
      Total |     140 |      10 |   6.7 |      35 |       5 |  12.5
            +---------+---------+-------+---------+---------+-------
        D:1 |      15 |       2 |  11.8 |      10 |       1 |   9.1
        D:2 |     118 |       8 |   6.3 |      23 |       4 |  14.8
        D:3 |       7 |       0 |   0.0 |       2 |       0 |   0.0
            +---------+---------+-------+---------+---------+-------
